 Dungeon Crawl Stone Soup version 0.22-a0-448-g1fb7470 (webtiles) character file.

86 KristoblXynda the Conjurer (level 4, -3/40 HPs)
             Began as an Octopode Conjurer on June 4, 2018.
             Slain by Grinder (4 damage)
             ... on level 3 of the Dungeon.
             The game lasted 00:05:46 (2727 turns).

KristoblXynda the Conjurer (Octopode Conjurer)      Turns: 2727, Time: 00:05:47

Health: -3/40      AC:  1    Str: 12    XL:     4   Next: 49%
Magic:  3/8        EV: 13    Int: 23    God:
Gold:   169        SH:  0    Dex: 12    Spells: 4/8 levels left

rFire    . . .     SeeInvis .   e - +0 short sword (curse)
rCold    . . .     Gourm    .   (no shield)
rNeg     . . .     Faith    .   (helmet restricted)
rPois    .         Spirit   .   (no amulet)
rElec    .         Reflect  .   (no ring)
rCorr    .         Harm     .   (no ring)
MR       .....                  (no ring)
Stlth    ..........             (no ring)
HPRegen  0.13/turn              (no ring)
MPRegen  0.11/turn              (no ring)
                                (no ring)
                                (no ring)

@: brilliant, berserking, very quick
A: almost no armour, stealthy swim, amphibious, 8 rings, constrict 8, camouflage
1, gelatinous body 1
a: no special abilities


You were on level 3 of the Dungeon.
You were hungry.

You visited 1 branch of the dungeon, and saw 3 of its levels.

You collected 169 gold pieces.

Inventory:

Hand Weapons
 e - a cursed +0 short sword (weapon)
 h - a +0 long sword
 m - a +0 blowgun
Missiles
 n - 4 curare-tipped needles
 o - 15 poisoned needles
Scrolls
 a - a scroll of blinking {unknown}
 c - 2 scrolls of fog
 g - a scroll of teleportation {unknown}
 j - a scroll of noise {unknown}
Potions
 d - a potion of cancellation
 i - a potion of haste
 q - a potion of flight
Comestibles
 b - 4 rations


   Skills:
 - Level 2.0 Dodging
 + Level 4.3 Stealth
 + Level 2.9 Spellcasting
 + Level 4.6 Conjurations


You had 4 spell levels left.
You knew the following spells:

 Your Spells              Type           Power        Failure   Level  Hunger
a - Magic Dart            Conj           ####         1%          1    None
b - Dazzling Spray        Conj/Hex       ####..       1%          3    ###....

Your spell library contained the following spells:

 Spells                   Type           Power        Failure   Level  Hunger
 Iskenderun's Mystic Bla  Conj           #####...     2%          4    ####...
 Fulminant Prism          Conj/Hex       ####......   5%          4    ####...
 Force Lance              Conj/Tloc      ####....     5%          4    ####...
 Searing Ray              Conj           #####.       1%          2    ##.....


Dungeon Overview and Level Annotations

Branches:
Dungeon (3/15)

Altars:

Annotations:
D:3 Grinder


Innate Abilities, Weirdness & Mutations

You cannot wear most types of armour.
You are very stealthy in the water. (Stealth+)
You are amphibious.
You can wear up to eight rings at the same time.
You can use your tentacles to constrict eight enemies at once.
Your skin changes colour to match your surroundings (Stealth+).
Your rubbery body absorbs attacks. (AC +1, EV +1)


Message History

You feel clever all of a sudden.
You constrict Grinder, but do no damage.
Grinder misses you.
It was a potion of curing.
You feel better.
You constrict Grinder. Grinder hits you.
You writhe in agony.
Casting: Magic Dart (safe; 1% risk of failure)
Confirm with . or Enter, or press ? or * to list all spells.
Aiming: Dazzling Spray (safe; 1% risk of failure)
Press: ? - help, Shift-Dir - straight line, f/p - Grinder
Aim: Grinder (blue smoke, lightly wounded, constricted by you)
The spray of energy hits Grinder.
Grinder is moderately wounded.
You constrict Grinder. Grinder hits you!
* * * LOW HITPOINT WARNING * * *
It was a potion of berserk rage.
A red film seems to cover your vision as you go berserk!
You feel yourself moving faster!
You feel mighty!
You constrict Grinder, but do no damage.
Grinder hits you.
You die...

##.#............
.
#.#.....#.#####
#.#.#...#.#
####.#.....#.#
...........#+##
###.#..#.....#
#§#.#..#[....#
#§#.#§♣♣.♣♣..#
#§@§§§♣♣.P♣..#
#5#§#.♣♣..♣..#
#.#§#.♣P.♣♣..#
#.#§#.♣♣.♣♣..#
#.#.#.##.....#
#.#.#.###....#
#.#.#.# #....#
....#.# #....#
###.# #....#


You could see Grinder.

Vanquished Creatures
  5 adders
  An ooze (D:3)
  A dart slug (D:2)
  An orc (D:3)
  A ball python (D:1)
  4 bats
  3 giant cockroaches
  3 goblins
  5 hobgoblins
  4 kobolds
  A quokka (D:3)
  A frilled lizard (D:3)
  5 rats
35 creatures vanquished.

Notes
Turn   | Place    | Note
-------+----------+-------------------------------------------
     0 | D:1      | KristoblXynda the Octopode Conjurer began the quest for the Orb.
     0 | D:1      | Reached XP level 1. HP: 11/11 MP: 3/3
   669 | D:1      | Reached XP level 2. HP: 17/17 MP: 0/5
  1581 | D:2      | Reached XP level 3. HP: 21/21 MP: 1/6
  1699 | D:2      | Learned a level 3 spell: Dazzling Spray
  1927 | D:2      | Noticed a hippogriff
  2230 | D:3      | Reached XP level 4. HP: 19/27 MP: 3/8
  2714 | D:3      | Noticed Grinder
  2726 | D:3      | HP: 1/27 [Grinder (9)]
  2727 | D:3      | Slain by Grinder

Vault maps used:
D:1:      dpeg_arrival_radiant
D:2:      chequers_big_river, minmay_quantized
D:3:      serial_forest, infiniplex_forest_clump_curved,
          infiniplex_forest_straight_4, infiniplex_forest_lined_4_way,
          infiniplex_forest_lined_room_3, uniq_grinder

Skill      XL: |  1  2  3 |
---------------+----------+-----
Stealth        | 3 4 |  4.3
Dodging        | |  2.0
Spellcasting   | |  2.9
Conjurations   | |  4.6

Action                   |  1- 3 |  4- 6 || total
-------------------------+-------+-------++-------
Melee: Unarmed           |     8 |       ||     8
       Constrict         |     4 |     3 ||     7
       Tentacles         |     5 |     1 ||     6
       Short sword       |    19 |    13 ||    32
 Cast: Magic Dart        |    51 |    12 ||    63
       Dazzling Spray    |       |     1 ||     1
  Use: Potion            |     1 |     3 ||     4
       Scroll            |       |     3 ||     3
 Stab: Sleeping          |     1 |     1 ||     2
  Eat: Chunk             |     4 |     1 ||     5
Dodge: Dodged            |    30 |     9 ||    39

Table legend:
 A = Spawn XP
 B = Non-spawn XP
 C = Spawn XP percentage of total XP
 D = Spawn monster count
 E = Non-spawn monster count
 F = Spawn count percentage of total count
 G = Total turns spent on level
                    A         B        C        D         E        F      G
               +---------+---------+-------+---------+---------+-------+---------
         Total |       0 |     123 |   0.0 |       0 |      35 |   0.0 |  2727
               +---------+---------+-------+---------+---------+-------+---------
           D:1 |       0 |      20 |   0.0 |       0 |      12 |   0.0 |  1418
           D:2 |       0 |      39 |   0.0 |       0 |       8 |   0.0 |   689
           D:3 |       0 |      64 |   0.0 |       0 |      15 |   0.0 |   620
               +---------+---------+-------+---------+---------+-------+---------
